 Dungeon Crawl Stone Soup version 0.19.0-11-g3fc08b3 (console) character file.

662 Lordarticus the Slasher (level 7, -10/56 HPs)
             Began as a Demonspawn Gladiator on Nov 9, 2016.
             Was a Follower of Makhleb.
             Mangled by Crazy Yiuf
             ... wielding a +3 quarterstaff of chaos
              (14 damage)
             ... on level 5 of the Dungeon.
             The game lasted 00:16:31 (4736 turns).

Lordarticus the Slasher (Demonspawn Gladiator)      Turns: 4736, Time: 00:16:32

Health: -10/56     AC:  0    Str: 15    XL:     7   Next: 30%
Magic:  7/7        EV: 15    Int: 10    God:    Makhleb [*.....]
Gold:   194        SH:  0    Dex: 15    Spells: 0 memorised, 6 levels left

rFire  . . .     SeeInvis .     (weapon currently unavailable)
rCold  . . .     Gourm    .     (armour currently unavailable)
rNeg   . . .     Faith    .     (shield currently unavailable)
rPois  .         Spirit   .     (helmet currently unavailable)
rElec  .         Reflect  .     (cloak currently unavailable)
rCorr  .         Harm     .     (gloves currently unavailable)
MR     .....                    (boots currently unavailable)
Stlth  +.........               o - amulet of rage
                                (ring currently unavailable)
                                (ring currently unavailable)

@: pig-form (expiring), very slightly contaminated, drained, very quick
A: (claws 0), (horns 0), demonic guardian 1
a: Renounce Religion, Evoke Berserk Rage


You were on level 5 of the Dungeon.
You worshipped Makhleb.
Makhleb was aware of your devotion.
You were not hungry.
You were a filthy swine.
You visited 1 branch of the dungeon, and saw 5 of its levels.

You collected 194 gold pieces.

Inventory:

Hand Weapons
 a - a +1 long sword (melded)
Armour
 b - a +1 leather armour (melded)
 c - a +0 helmet
Jewellery
 k - a +3 ring of protection (melded)
 l - a ring of wizardry (melded)
 o - an amulet of rage (around neck)
 r - a +6 ring of intelligence
Scrolls
 h - 3 scrolls of identify
 j - 3 scrolls of remove curse
 n - 4 scrolls of magic mapping
 t - a scroll of fear {unknown}
 x - 2 scrolls of enchant armour
Potions
 e - a potion of ambrosia {unknown}
 i - a potion of curing
 p - a potion of agility
 q - a potion of heal wounds
 s - a potion of mutation
 u - a potion of lignification
 v - 2 potions of flight
 w - a potion of berserk rage {unknown}
Comestibles
 d - a slice of pizza
 f - 4 bread rations
 m - 16 chunks of flesh


   Skills:
 * Level 5.6(4.8) Fighting
 - Level 6.1(5.4) Long Blades
 - Level 1.7(1.1) Throwing
 - Level 2.6(2.0) Dodging


You had 6 spell levels left.
You didn't know any spells.

Dungeon Overview and Level Annotations

Branches:
Dungeon (5/15)             Temple (0/1) D:5

Altars:
Elyvilon
Fedhas
Kikubaaqudgha
Makhleb

Annotations:
D:5 Crazy Yiuf


Innate Abilities, Weirdness & Mutations

((You have sharp fingernails.))
((You have a pair of horns on your head.))
A weak demonic guardian rushes to your aid.


Message History

Crazy Yiuf closely misses you.
You hit Crazy Yiuf but do no damage.
Crazy Yiuf is almost dead.
Crazy Yiuf hits you with a quarterstaff of chaos!
You feel drained.
You hit Crazy Yiuf but do no damage.
Crazy Yiuf is almost dead.
Crazy Yiuf screams, "Scoff snail dark!"
Crazy Yiuf hits you with a quarterstaff of chaos!
You hit Crazy Yiuf but do no damage.
Crazy Yiuf is severely wounded.
You flicker back into view.
Crazy Yiuf hits you with a quarterstaff of chaos!
You feel drained.
You hit Crazy Yiuf but do no damage.
Crazy Yiuf is severely wounded.
Crazy Yiuf hits you with a quarterstaff of chaos!
* * * LOW HITPOINT WARNING * * *
Space warps horribly around you!
You die...

#....#
##...##....#
♣....♣
###..##...#
♣...♣♣
##.###...
♣♣.♣♣ #
#..##...
♣.♣♣
#..##.##.#.
♣♣.♣
#...>.#>#.
♣.♣♣
#####.....
♣♣.♣ ##....
#h# ##...
#.g.# #...
#...# #...
#.()# #...
##### #...
##...
###..#.
.......
#..#..


You could see Crazy Yiuf.

Vanquished Creatures
  2 centaurs (D:5)
  A hound (D:4)
  2 orc priests
  A bullfrog skeleton (D:3)
  Terence (D:3)
  2 iguanas
  2 worker ants (D:4)
  2 orc wizards (D:5)
  A hound zombie (D:5)
  5 adders
  An ooze (D:1)
  A worm (D:2)
  A dart slug (D:1)
  3 leopard geckos (D:4)
  17 orcs
  6 giant cockroaches
  9 goblins
  5 hobgoblins
  3 jackals (D:3)
  7 kobolds
  2 quokkas (D:3)
  A ball python (D:1)
  11 bats
  7 frilled lizards
  A quokka zombie (D:5)
  11 rats
105 creatures vanquished.

Vanquished Creatures (collateral kills)
  A centaur (D:5)
  A centaur skeleton (D:5)
  An adder (D:5)
  An adder zombie (D:5)
4 creatures vanquished.

Grand Total: 109 creatures vanquished

Notes
Turn   | Place    | Note
-------+----------+-------------------------------------------
     0 | D:1      | Lordarticus the Demonspawn Gladiator began the quest for the Orb.
     0 | D:1      | Reached XP level 1. HP: 16/16 MP: 1/1
    43 | D:1      | Reached skill level 3 in Long Blades
   151 | D:1      | Gained mutation: A weak demonic guardian rushes to your aid. [demonic ancestry]
   151 | D:1      | Reached XP level 2. HP: 13/22 MP: 2/2
   627 | D:1      | Gained mutation: You have sharp fingernails. [demonic ancestry]
   627 | D:1      | Reached XP level 3. HP: 24/27 MP: 3/3
  1091 | D:2      | Reached skill level 4 in Long Blades
  1660 | D:2      | Found a burning altar of Makhleb.
  1711 | D:2      | Became a worshipper of Makhleb the Destroyer
  1906 | D:3      | Noticed Terence
  1917 | D:3      | HP: 1/27 [orc priest/divine providence (11)]
  1934 | D:3      | Killed Terence
  1934 | D:3      | Gained mutation: You have a pair of small horns on your head. [demonic ancestry]
  1934 | D:3      | Reached XP level 4. HP: 12/33 MP: 4/4
  1946 | D:3      | HP: 1/33 [orc priest/divine providence (12)]
  1951 | D:3      | Reached skill level 5 in Long Blades
  2305 | D:3      | Found a white marble altar of Elyvilon.
  2531 | D:3      | Reached XP level 5. HP: 38/38 MP: 5/5
  2986 | D:3      | Found a blossoming altar of Fedhas.
  2988 | D:3      | Found an ancient bone altar of Kikubaaqudgha.
  3130 | D:3      | Reached * piety under Makhleb
  3579 | D:4      | Reached skill level 6 in Long Blades
  3586 | D:4      | Reached XP level 6. HP: 25/46 MP: 6/6
  4208 | D:5      | Entered Level 5 of the Dungeon
  4429 | D:5      | Gained mutation: You have a pair of horns on your head. [demonic ancestry]
  4429 | D:5      | Reached XP level 7. HP: 40/55 MP: 7/7
  4582 | D:5      | Found a staircase to the Ecumenical Temple.
  4627 | D:5      | Reached skill level 5 in Fighting
  4673 | D:5      | Found a runed door.
  4719 | D:5      | Noticed Crazy Yiuf
  4736 | D:5      | Mangled by Crazy Yiuf

Skill      XL: |  1  2  3  4  5  6  7 |
---------------+----------------------+-----
Long Blades    | 3 4 5 6 |  6.1
Fighting       | 4 5 |  5.6
Throwing       | |  1.7
Dodging        | |  2.6

Action                   |  1- 3 |  4- 6 |  7- 9 || total
-------------------------+-------+-------+-------++-------
Melee: Long sword        |   131 |   150 |    38 ||   319
       Headbutt          |       |    26 |     8 ||    34
       Unarmed           |       |       |    10 ||    10
Throw: Throwing net      |     3 |       |     1 ||     4
  Use: Potion            |     4 |       |       ||     4
       Scroll            |       |    10 |     1 ||    11
 Stab: Sleeping          |     1 |       |       ||     1
       Distracted        |       |     1 |       ||     1
       Invisible         |       |       |     4 ||     4
  Eat: Chunk             |     3 |     3 |     2 ||     8
       Meat ration       |       |     1 |       ||     1
Armor: Leather armour    |    66 |    45 |    18 ||   129
Dodge: Dodged            |   120 |    97 |    15 ||   232
       Rpst.: Long sword |    38 |    26 |     4 ||    68
